 Dungeon Crawl Stone Soup version 0.20.1-1-g8b1a95d (webtiles) character file.

814 Gargoyl the Covered (level 7, -4/60 HPs)
             Began as a Minotaur Abyssal Knight on Sept 18, 2017.
             Was a Believer of Lugonu.
             Slain by an ogre
             ... wielding a +0 giant spiked club
              (7 damage)
             ... on level 5 of the Dungeon.
             The game lasted 00:08:59 (5159 turns).

Gargoyl the Covered (Minotaur Abyssal Knight)       Turns: 5159, Time: 00:09:00

Health: -4/60      AC: 12    Str: 15 (16) XL:     7   Next: 62%
Magic:  8/8        EV:  1    Int:  7 (9)  God:    Lugonu [**....]
Gold:   140        SH: 13    Dex: 10 (12) Spells: 6/6 levels left

rFire    . . .     SeeInvis .   a - +2 hand axe
rCold    . . .     Gourm    .   d - +1 large shield
rNeg     . . .     Faith    .   g - +0 plate armour
rPois    .         Spirit   .   (helmet restricted)
rElec    .         Reflect  .   (no cloak)
rCorr    .         Harm     .   (no gloves)
MR       .....                  (no boots)
Stlth    ..........             (no amulet)
Regen    0.2/turn               (no ring)
MPRegen  0.2/turn               (no ring)

@: no status effects
A: retaliatory headbutt, horns 2
a: Depart the Abyss, Bend Space, Renounce Religion


You were on level 5 of the Dungeon.
You worshipped Lugonu.
Lugonu was pleased with you.
You were hungry.

You visited 1 branch of the dungeon, and saw 5 of its levels.
You visited the Abyss 1 time.

You collected 140 gold pieces.

Inventory:

Hand Weapons
 a - a +2 hand axe (weapon)
Missiles
 e - 4 tomahawks (quivered)
Armour
 d - a +1 large shield (worn)
 g - a +0 plate armour (worn)
Jewellery
 u - a cursed -3 ring of intelligence {unknown}
Wands
 o - a wand of polymorph (24/24)
 p - a wand of random effects (22/48)
 r - a wand of flame (43/48)
 w - a wand of confusion (28/48)
Scrolls
 b - 2 scrolls of identify
 j - 3 scrolls of recharging
 n - a scroll of amnesia
 s - a scroll of teleportation
 t - a scroll of blinking
Potions
 m - a potion of brilliance {unknown}
Books
 k - a book of Battle

   Spells                             Type                      Level
   a - Infusion                       Charms                       1
   b - Shroud of Golubria             Charms/Translocation         2
   c - Song of Slaying                Charms                       2
   d - Spectral Weapon                Hexes/Charms                 3
   e - Regeneration                   Charms/Necromancy            3
Comestibles
 c - 2 bread rations
 f - 2 royal jellies
 i - 8 fruits
 q - 3 meat rations


   Skills:
 + Level 4.6 Fighting
 + Level 5.9 Axes
 * Level 5.9 Armour
 + Level 2.3 Dodging
 + Level 3.4 Shields
 * Level 3.8 Invocations


You had 6 spell levels left.
You didn't know any spells.

Dungeon Overview and Level Annotations

Branches:
Dungeon (5/15)
 Temple: D:4-7

Altars:
Vehumet

Annotations:
D:4 Pikel


Innate Abilities, Weirdness & Mutations

You reflexively headbutt those who attack you in melee.
You have a pair of horns on your head.


Message History

You hit the ogre. Your headbutt misses the ogre.
The ogre is moderately wounded.
The ogre hits you with a giant spiked club!!
You hit the ogre.
You headbutt the ogre, but do no damage.
The ogre is heavily wounded.
The ogre hits you with a giant spiked club.
You hit the ogre. Your headbutt misses the ogre.
The ogre is heavily wounded.
You hit the ogre.
The ogre is severely wounded.
The ogre hits you with a giant spiked club!!
* * * LOW HITPOINT WARNING * * *
You hit the ogre but do no damage. Your headbutt misses the ogre.
The ogre is severely wounded.
You block the ogre's attack.
Your shield and plate armour prevent you from hitting the ogre.
The ogre is severely wounded.
The ogre hits you with a giant spiked club!
You die...

......... ......... ##
........ ..
......#############.#
.....................
...########......##.#
...+....###......##.#
...#......'.........#
...#.###.##.....@####
...#.# #.##.....O.......
...#.# #..#.............
).)#.####.#†......(!....
).........#..[....(.....
))......................
.........#.........?....
.........#..........$...
.........##+####...


You could see an ogre.

Vanquished Creatures
  Sigmund (D:2)
  2 slaves
  A phantom (D:3)
  A scorpion (D:5)
  A bullfrog skeleton (D:5)
  A centaur skeleton (D:5)
  An orc priest (D:5)
  4 orc wizards
  Ijyb (D:3)
  2 worker ants
  3 gnolls (D:4)
  10 adders
  2 oozes
  2 worms
  4 leopard geckos
  10 orcs
  12 bats
  3 giant cockroaches
  20 goblins
  8 hobgoblins
  9 jackals
  2 quokkas (D:2)
  6 frilled lizards
  2 giant cockroach zombies
  3 kobolds
  2 leopard gecko skeletons
  A quokka skeleton (D:5)
  12 rats
126 creatures vanquished.

Vanquished Creatures (others)
  A leopard gecko (D:3)
1 creature vanquished.

Grand Total: 127 creatures vanquished

Notes
Turn   | Place    | Note
-------+----------+-------------------------------------------
     0 | Abyss:1  | Gargoyl the Minotaur Abyssal Knight began the quest for the Orb.
     0 | Abyss:1  | Reached XP level 1. HP: 19/19 MP: 1/1
    71 | Abyss:2  | Noticed a thrashing horror
    73 | Abyss:3  | Found a corrupted altar of Lugonu.
    76 | Abyss:3  | Noticed a green draconian monk
    77 | D:1      | Escaped the Abyss
   426 | D:1      | Reached * piety under Lugonu
   521 | D:1      | Reached XP level 2. HP: 24/27 MP: 2/2
  1354 | D:2      | Noticed Sigmund
  1378 | D:2      | Killed Sigmund
  1378 | D:2      | Reached skill level 1 in Shields
  1378 | D:2      | Reached XP level 3. HP: 33/33 MP: 3/3
  1378 | D:2      | Reached XP level 4. HP: 40/40 MP: 4/4
  1378 | D:2      | Reached XP level 5. HP: 46/46 MP: 5/5
  2436 | D:3      | Reached ** piety under Lugonu
  2478 | D:3      | Noticed Ijyb
  2494 | D:3      | Killed Ijyb
  2494 | D:3      | Reached XP level 6. HP: 52/52 MP: 7/7
  3759 | D:4      | Reached skill level 5 in Axes
  3759 | D:4      | Reached skill level 5 in Armour
  4066 | D:4      | Found a radiant altar of Vehumet.
  4175 | D:4      | Reached XP level 7. HP: 30/60 MP: 8/8
  4426 | D:4      | Noticed Pikel
  4498 | D:5      | Entered Level 5 of the Dungeon
  5157 | D:5      | HP: 2/60 [ogre/giant spiked club (18)]
  5159 | D:5      | Slain by an ogre

Skill      XL: |  1  2  3  4  5  6  7 |
---------------+----------------------+-----
Armour         | 4 5 |  5.9
Fighting       | 4 |  4.6
Axes           | 3 4 5 |  5.9
Dodging        | 2 |  2.3
Shields        | 1 2 3 |  3.4
Invocations    | 2 3 |  3.8

Action                   |  1- 3 |  4- 6 |  7- 9 || total
-------------------------+-------+-------+-------++-------
Melee: Hand axe          |    74 |   223 |    91 ||   388
       Headbutt          |     8 |    29 |    16 ||    53
       Unarmed           |       |     8 |       ||     8
Throw: Tomahawk          |       |       |     3 ||     3
Invok: Depart the Abyss  |     1 |       |       ||     1
       Bend Space        |       |       |     1 ||     1
  Use: Potion            |     4 |       |     6 ||    10
       Scroll            |     3 |     6 |     2 ||    11
 Stab: Confused          |       |     1 |       ||     1
  Eat: Chunk             |     1 |     5 |     3 ||     9
       Bread ration      |       |     1 |       ||     1
Armor: Leather armour    |    13 |       |       ||    13
       Plate armour      |    17 |   168 |    90 ||   275
       Skin              |       |     2 |       ||     2
Dodge: Dodged            |     5 |    11 |     5 ||    21
Block: Large shield      |    39 |   201 |    87 ||   327
